 Dungeon Crawl Stone Soup version 0.28.0-49-g6dfe1f597d (webtiles) character file.

Game seed: 9487468705097493002

316 H0rd4k the Charlatan (level 6, 0/44 HPs)
             Began as a Human Artificer on May 19, 2022.
             Slain by a scorpion (1 damage)
             ... on level 3 of the Dungeon on May 20, 2022.
             The game lasted 00:09:15 (4343 turns).

H0rd4k the Charlatan (Human Artificer)              Turns: 4343, Time: 00:09:16

Health: 0/44       AC:  6    Str: 12    XL:     6   Next: 73%
Magic:  6/6        EV: 12    Int: 13    God:
Gold:   120        SH:  0    Dex: 14    Spells: 5/5 levels left

rFire   . . .      SeeInvis .   n - +0 dagger (speed)
rCold   . . .      Faith    .   (no shield)
rNeg    . . .      Spirit   .   b - +0 leather armour
rPois   .          Reflect  .   (no helmet)
rElec   .          Harm     .   (no cloak)
rCorr   .          Rampage  +   f - +0 pair of gloves
Will    .....                   g - +1 pair of boots {rampage}
Stlth   ++........              (no amulet)
HPRegen 0.14/turn               (no ring)
MPRegen 0.10/turn               (no ring)

@: no status effects
A: no striking features
a: no special abilities


You were on level 3 of the Dungeon.
You visited 1 branch of the dungeon, and saw 5 of its levels.

You collected 120 gold pieces.

Inventory:

Hand Weapons
 a - a +0 club
 n - a +0 dagger of speed (weapon)
Armour
 b - a +0 leather armour (worn)
 f - a +0 pair of gloves (worn)
 g - a +1 pair of boots of rampaging (worn)
Magical Staves
 i - a staff of fire
Scrolls
 d - a scroll of blinking {unknown}
 h - a scroll of fear {unknown}
 l - 3 scrolls of identify
Potions
 c - a potion of degeneration {unknown}
 j - a potion of attraction {unknown}
 o - 2 potions of lignification
Miscellaneous
 e - a piece from Xom's chessboard (12/15)


   Skills:
 + Level 2.3 Fighting
 + Level 0.4 Short Blades
 + Level 2.3 Maces & Flails
 + Level 3.4 Armour
 + Level 2.3 Dodging
 + Level 1.7 Stealth
 + Level 4.3 Evocations


You had 5 spell levels left.
You didn't know any spells.
Your spell library was empty.

Dungeon Overview and Level Annotations

Branches:
Dungeon (5/15)
 Temple: D:4-7

Altars:
Zin

Shops:
D:3 [   D:5 *

Annotations:
D:2 Natasha
D:3 Pargi, Terence
D:4 exclusions: iguana and scorpion


Message History

There is a stone staircase leading up here.
The scorpion stings you.
* * * LOW HITPOINT WARNING * * *
The phantom barely misses you.
You climb upwards.
Level annotation: exclusions: iguana and scorpion
Found 13 stones.
Found an escape hatch in the ceiling.
There is a stone staircase leading down here.
The phantom hits you.
* * * LOW HITPOINT WARNING * * *
A necrophage comes into view.
The sentinel's mark upon you fades away.
A hobgoblin comes into view.
Found a hand axe.
The hobgoblin shouts!
The scorpion misses you.
There is an escape hatch in the ceiling here.
The scorpion stings you.
* * * LOW HITPOINT WARNING * * *
The hobgoblin hits you but does no damage.
A mysterious force pulls you upwards. The hatch slams shut behind you.
Level annotation: Pargi, Terence
Okay, then.
Okay, then.
You feel better. The scorpion barely misses you. The hobgoblin misses you.
You hit the hobgoblin.
The hobgoblin is heavily wounded.
The scorpion barely misses you.
You hit the hobgoblin but do no damage.
The hobgoblin is heavily wounded.
The hobgoblin hits you but does no damage.
The scorpion stings you!
* * * LOW HITPOINT WARNING * * *
You hit the hobgoblin.
The hobgoblin is almost dead.
The hobgoblin hits you but does no damage.
You hit the hobgoblin.
You kill the hobgoblin!
The scorpion stings you.
You die...

.#.# #.# # .#.#
#.# .#.# #.# .#.#
#.# .#.# #.# .#.#
#.# .#.# #.#
.#.#############s#
...............†@#
##.###############
...# ####


You could see a scorpion.

Vanquished Creatures
  Natasha (twice) (D:2)
  An orc wizard (D:4)
  A gnoll (D:3)
  4 adders
  2 dart slugs
  5 orcs
  6 ball pythons
  2 endoplasms (D:1)
  5 giant cockroaches
  2 goblins
  7 hobgoblins
  3 jackals (D:4)
  5 kobolds
  2 quokkas (D:4)
  2 bats
  A frilled lizard (D:1)
  5 rats
55 creatures vanquished.

Vanquished Creatures (collateral kills)
  An ice beast (D:3)
  3 gnolls (D:3)
  An orc (D:4)
  A giant cockroach (D:3)
  A goblin (D:4)
  A hobgoblin (D:4)
  A jackal (D:4)
9 creatures vanquished.

Vanquished Creatures (others)
  A scorpion (D:4)
1 creature vanquished.

Grand Total: 65 creatures vanquished

Notes
Turn   | Place    | Note
-------+----------+-------------------------------------------
     0 | D:1      | H0rd4k the Human Artificer began the quest for the Orb.
     0 | D:1      | Reached XP level 1. HP: 15/15 MP: 1/1
   174 | D:1      | Reached XP level 2. HP: 9/21 MP: 2/2
  1030 | D:2      | Reached XP level 3. HP: 26/26 MP: 3/3
  1116 | D:2      | Noticed Natasha
  1125 | D:2      | Killed Natasha
  1126 | D:2      | Reached XP level 4. HP: 22/32 MP: 4/4
  1602 | D:2      | Noticed Natasha
  1606 | D:2      | Killed Natasha
  1607 | D:2      | Reached skill level 1 in Maces & Flails
  1607 | D:2      | Reached skill level 4 in Evocations
  1623 | D:2      | Noticed Natasha
  1750 | D:3      | Noticed an ice beast
  2012 | D:3      | Found Neovilea's Antique Armour Boutique.
  2015 | D:3      | Reached XP level 5. HP: 27/37 MP: 5/5
  2219 | D:3      | Noticed Pargi
  2257 | D:3      | Killed an ice beast
  2258 | D:3      | Reached XP level 6. HP: 21/44 MP: 6/6
  3016 | D:5      | Entered Level 5 of the Dungeon
  3385 | D:5      | Noticed an ogre
  3390 | D:5      | Found a glowing silver altar of Zin.
  3412 | D:5      | Noticed a sky beast
  3942 | D:3      | Noticed Terence
  4296 | D:5      | Found Wazal's CLEARANCE SALE!.
  4335 | D:4      | Noticed a necrophage
  4341 | D:3      | HP: 1/44 [scorpion (8)]
  4343 | D:3      | Slain by a scorpion

Illustrated notes

Levels and vault maps discovered:
D:1:      psy_arrival_dodecagon, layout_basic, kennysheep_boxes
D:2:      layout_loops_ring, kennysheep_cluttered_room,
          nicolae_elevator_lobby_asterisk, uniq_natasha
D:3:      layout_basic, serial_shops, shop, serial_park_tiny_2, uniq_terence,
          uniq_pargi
D:4:      layout_basic, st_stairs_11
D:5:      layout_basic, lemuel_round_altar, nicolae_shop_clearance

Skill      XL: |  1  2  3  4  5  6 |
---------------+-------------------+-----
Maces & Flails | 1 2 |  2.3
Evocations     | 4 |  4.3
Fighting       | 2 |  2.3
Armour         | 3 |  3.4
Dodging        | 2 |  2.3
Short Blades   | |  0.4
Stealth        | |  1.7

Action                   |  1- 3 |  4- 6 || total
-------------------------+-------+-------++-------
Melee: Club              |    82 |   158 ||   240
       Punch             |     1 |     6 ||     7
       Dagger            |       |    90 ||    90
Evoke: Wand              |     7 |    23 ||    30
       Piece from Xom's  |       |     3 ||     3
  Use: Potion            |       |     3 ||     3
       Scroll            |       |     3 ||     3
 Stab: Sleeping          |     2 |       ||     2
Armor: Leather armour    |    43 |    88 ||   131
Dodge: Dodged            |    63 |   156 ||   219
